 Dungeon Crawl Stone Soup version 0.19.5 (webtiles) character file.

1876 snowfan the Thaumaturge (level 8, -2/41 HPs)
             Began as a Deep Elf Conjurer on Apr 10, 2017.
             Was a Follower of Vehumet.
             Slain by an orc warrior
             ... wielding a +0 hand axe
              (13 damage)
             ... on level 7 of the Dungeon.
             The game lasted 00:35:50 (8513 turns).

snowfan the Thaumaturge (Deep Elf Conjurer)         Turns: 8513, Time: 00:35:50

Health: -2/41      AC:  4    Str:  5    XL:     8   Next: 91%
Magic:  0/22       EV: 18    Int: 23    God:    Vehumet [*.....]
Gold:   362        SH:  0    Dex: 21    Spells: 4 memorised, 11 levels left

rFire  + . .     SeeInvis .     H - +0 rapier "Impslayer" {pierce, rF+} (curse)
rCold  . . .     Gourm    .     a - +0 robe
rNeg   . . .     Faith    .     (no shield)
rPois  .         Spirit   .     K - +0 helmet
rElec  .         Reflect  .     (no cloak)
rCorr  .         Harm     .     G - +0 pair of gloves {archery}
MR     .....                    (no boots)
Stlth  ++........               (no amulet)
                                (no ring)
                                u - +6 ring of dexterity

@: no status effects
A: no striking features
a: Renounce Religion


You were on level 7 of the Dungeon.
You worshipped Vehumet.
Vehumet was aware of your devotion.
You were not hungry.

You visited 2 branches of the dungeon, and saw 8 of its levels.
You also visited: Sewer.

You collected 362 gold pieces.

Inventory:

Hand Weapons
 g - a +3 dagger
 v - a +4 blowgun
 H - the cursed +0 rapier "Impslayer" (weapon) {pierce, rF+}
   (You found it on level 5 of the Dungeon)

   It inflicts extra damage upon your enemies.
   It protects you from fire.
   It has a curse placed upon it.
Missiles
 w - 24 poisoned needles
Armour
 a - a +0 robe (worn)
 G - a +0 pair of gloves of archery (worn)
 K - a +0 helmet (worn)
Jewellery
 u - a +6 ring of dexterity (left hand)
 E - an uncursed ring of fire
 I - the ring "Reddeangugah" {rC+ MP+9 Int-4 Dex+4}
   (You found it on level 5 of the Dungeon)

   [ring of dexterity]

   It affects your intelligence (-4).
   It affects your dexterity (+4).
   It protects you from cold.
   It affects your magic capacity (+9).
Wands
 F - a wand of lightning (4/15)
 J - a wand of iceblast (8/15)
 L - a wand of lightning (5/15)
Scrolls
 e - 4 scrolls of immolation {unknown}
 h - 2 scrolls of magic mapping {unknown}
 i - 7 scrolls of remove curse {unknown}
 j - 2 scrolls of fear {unknown}
 k - 4 scrolls of teleportation {unknown}
 l - a scroll of enchant weapon {unknown}
 n - 6 scrolls of identify {unknown}
 p - a scroll of blinking {unknown}
 s - 2 scrolls of fog {unknown}
 y - 2 scrolls of recharging {unknown}
Potions
 d - 5 potions of heal wounds
 f - 8 potions of curing
 o - 4 potions of brilliance {unknown}
 q - 3 potions of lignification {unknown}
 r - 2 potions of invisibility {unknown}
 t - a potion of flight {unknown}
 x - 2 potions of agility {unknown}
 z - a potion of beneficial mutation {unknown}
 A - a potion of ambrosia {unknown}
 B - a potion of degeneration {unknown}
 N - a potion of haste {unknown}
Books
 b - a book of Conjurations

   Spells                             Type                      Level
   a - Magic Dart                     Conjuration                  1
   b - Searing Ray                    Conjuration                  2
   c - Dazzling Spray                 Conjuration/Hexes            3
   d - Fulminant Prism                Conjuration/Hexes            4
   e - Iskenderun's Mystic Blast      Conjuration                  4
   f - Iskenderun's Battlesphere      Conjuration/Charms           5
Comestibles
 c - 5 bread rations
 m - a slice of pizza
 C - 4 meat rations
 D - a beef jerky
 M - 3 chunks of flesh


   Skills:
 + Level 6.7 Dodging
 - Level 2.4 Stealth
 + Level 8.3 Spellcasting
 * Level 7.8 Conjurations
 + Level 7.7 Hexes


You had 11 spell levels left.
You knew the following spells:

 Your Spells              Type           Power        Failure   Level  Hunger
a - Magic Dart            Conj           ####         1%          1    None
c - Iskenderun's Mystic   Conj           #####...     3%          4    ##.....
d - Dazzling Spray        Conj/Hex       #####.       1%          3    None
x - Fulminant Prism       Conj/Hex       #####.....   3%          4    ##.....


Dungeon Overview and Level Annotations

Branches:
Dungeon (7/15)             Temple (1/1) D:4

Altars:
Ashenzari
Cheibriados
Dithmenos
Elyvilon
Fedhas
Hepliaklqana
Makhleb
Nemelex Xobeh
Okawaru
Qazlal
Sif Muna
Trog
Vehumet
Xom
Yredelemnul
Zin
The Shining One


Message History

The orc warrior is dazzled.
The orc warrior is no longer blind.
You hit the orc warrior but do no damage.
The orc warrior is lightly wounded.
The orc warrior hits you with a hand axe.
You closely miss the orc warrior.
The orc warrior is lightly wounded.
The orc warrior hits you with a hand axe!
Casting: Dazzling Spray
Confirm with . or Enter, or press ? or * to list all spells.
Aiming: Iskenderun's Mystic Blast
Press: ? - help, Shift-Dir - straight line, f/p - orc warrior
Aim: an orc warrior, wielding a hand axe and wearing a chain mail (lightly wounded)
The orb of energy hits the orc warrior.
The orc warrior is almost dead.
The orb of energy explodes!
The orc warrior hits you with a hand axe!
* * * LOW HITPOINT WARNING * * *
The orc warrior hits you with a hand axe!
You die...

......#%.......♣.♣....## #.#
......#.###...♣.♣.♣....# #.#
>.......#....♣.♣.♣.♣...# #.#
#####...#.#.♣.♣._.♣.♣..# #.#
#...#.#..♣.♣.♣.♣...###.#
#..[#.#...♣.♣)♣).......#
#.<.#.#....♣.♣[...####.#####
#...#.#.#.o.♣...#...........
#...#.#....@....[.##.#.#####
#...#.######..#.#.#..#......
#o..#.# #....#.####.#..#.
#.#########.#..))..#....
#...........#########...
#####################...
#.............
#.############
#.............


You could see an orc warrior.

Vanquished Creatures
  The ghost of Xiguana the Skirmisher, an amateur DrCK of Xom (D:4)
  2 orc warriors
  A phantom (D:5)
  2 ogres (D:4)
  A big kobold (Sewer)
  A bullfrog (D:7)
  3 howler monkeys
  5 crimson imps
  A bullfrog skeleton (D:6)
  4 orc priests
  3 hounds
  6 orc wizards
  An iguana (D:4)
  5 worker ants
  11 adders
  A gnoll (D:1)
  4 river rats (Sewer)
  A shadow imp (D:6)
  An ooze (Sewer)
  5 worms
  A dart slug (D:1)
  10 leopard geckos
  19 orcs
  9 bats
  6 giant cockroaches
  5 goblins
  4 hobgoblins
  12 jackals
  25 kobolds
  4 ball pythons (Sewer)
  4 frilled lizards
  A leopard gecko skeleton (D:6)
  25 rats
184 creatures vanquished.

Vanquished Creatures (others)
  17 fulminant prisms
  A plant (D:7)
18 creatures vanquished.

Grand Total: 202 creatures vanquished

Notes
Turn   | Place    | Note
-------+----------+-------------------------------------------
     0 | D:1      | snowfan the Deep Elf Conjurer began the quest for the Orb.
     0 | D:1      | Reached XP level 1. HP: 10/10 MP: 6/6
   301 | D:1      | Reached XP level 2. HP: 15/15 MP: 1/8
   828 | D:1      | Reached XP level 3. HP: 19/19 MP: 8/10
   941 | D:2      | Reached skill level 4 in Spellcasting
   946 | D:2      | Learned a level 3 spell: Dazzling Spray
  1235 | D:2      | Found a basalt altar of Yredelemnul.
  1522 | D:2      | Reached XP level 4. HP: 24/24 MP: 10/12
  1562 | D:2      | Reached skill level 1 in Hexes
  1830 | D:3      | Reached skill level 5 in Conjurations
  2117 | D:3      | Reached XP level 5. HP: 28/28 MP: 2/14
  2125 | D:3      | Found a glowing drain.
  2180 | Sewer    | Entered a sewer
  2530 | Sewer    | Reached skill level 5 in Spellcasting
  2675 | Sewer    | Reached XP level 6. HP: 32/32 MP: 3/15
  3267 | Sewer    | Learned a level 4 spell: Iskenderun's Mystic Blast
  3272 | Sewer    | Learned a level 4 spell: Fulminant Prism
  3618 | D:3      | Found a blossoming altar of Fedhas.
  4212 | D:4      | Reached skill level 5 in Hexes
  4350 | D:4      | Found a staircase to the Ecumenical Temple.
  4355 | Temple   | Entered the Ecumenical Temple
  4578 | Temple   | Became a worshipper of Vehumet
  4846 | D:4      | Reached skill level 5 in Dodging
  4846 | D:4      | Reached skill level 6 in Spellcasting
  4846 | D:4      | Reached XP level 7. HP: 26/36 MP: 5/18
  5049 | D:4      | Noticed Xiguana's ghost (amateur DrCK)
  5106 | D:4      | Killed Xiguana's ghost
  5281 | D:4      | Found a shattered altar of Ashenzari.
  5520 | D:4      | Found a faded altar of an unknown god.
  5520 | D:4      | Found a faded altar of an unknown god.
  5525 | D:4      | Found a faded altar of an unknown god.
  5527 | D:4      | Found a shadowy altar of Dithmenos.
  5529 | D:4      | Found a faded altar of an unknown god.
  5712 | D:5      | Entered Level 5 of the Dungeon
  5733 | D:5      | Got a steaming rapier
  5735 | D:5      | Identified the cursed +0 rapier "Impslayer" {pierce, rF+} (You found it on level 5 of the Dungeon)
  5834 | D:5      | Found a deep blue altar of Sif Muna.
  5843 | D:5      | Got a translucent amber ring
  5926 | D:5      | Reached XP level 8. HP: 19/41 MP: 8/20
  6264 | D:5      | Reached skill level 7 in Spellcasting
  6705 | D:5      | Identified the ring "Reddeangugah" {rC+ MP+9 Int-4 Dex+4} (You found it on level 5 of the Dungeon)
  6742 | D:6      | Reached * piety under Vehumet
  6742 | D:6      | Offered knowledge of Freeze by Vehumet.
  7110 | D:6      | Found a burning altar of Makhleb.
  7502 | D:6      | Found a hazy altar of Hepliaklqana.
  7831 | D:6      | Noticed a cacodemon
  8000 | D:7      | Found an iron altar of Okawaru.
  8009 | D:7      | Reached skill level 8 in Spellcasting
  8513 | D:7      | Slain by an orc warrior

Skill      XL: |  1  2  3  4  5  6  7  8 |
---------------+-------------------------+-----
Dodging        | 3 4 5 6 |  6.7
Spellcasting   | 4 5 6 8 |  8.3
Hexes          | 2 4 5 6 7 |  7.7
Conjurations   | 5 6 7 |  7.8
Stealth        | |  2.4

Action                   |  1- 3 |  4- 6 |  7- 9 || total
-------------------------+-------+-------+-------++-------
Melee: Hand axe          |     3 |       |       ||     3
       Rapier            |       |       |    18 ||    18
 Fire: Blowgun           |       |     2 |     4 ||     6
 Cast: Magic Dart        |    62 |   197 |   141 ||   400
       Dazzling Spray    |     1 |    15 |    24 ||    40
       Fulminant Prism   |       |       |    17 ||    17
       Iskenderun's Myst |       |       |     9 ||     9
  Use: Potion            |       |       |     3 ||     3
  Eat: Chunk             |     2 |     9 |    15 ||    26
Armor: Robe              |       |     2 |     3 ||     5
Dodge: Dodged            |     3 |    39 |    51 ||    93
